Map: [ESL] Site Delta

Players

Ryung

  • Race: Terran Terran
  • Spawn Location: 5:00

Vindicta - Winner!

  • Race: Terran Terran
  • Spawn Location: 11:00

Event: ESL SC2 Masters 2023 Winter (Finals)

VOD

Have the link to the VOD?

Description

Time

  • Played on: Dec. 15, 2023, 5:13 p.m.
  • Length: 16:35

All games in this series

Show
View Real Time Build Order
Export as new Build Order

Ryung Terran 

Build Orders: Cyclone Opening, Reaper Expand 

Get SALT Encoding   

  12  0:00  SCV  
  13  0:12  SCV  
  14  0:16  Supply Depot  
  14  0:24  SCV  
  15  0:38  SCV  
  15  0:41  Barracks  
  16  0:44  Refinery  
  16  0:50  SCV  
  17  1:02  SCV  
  18  1:14  SCV  
  19  1:28  Orbital Command, Reaper  
  20  1:48  Command Center  
  20  1:54  SCV  
  20  1:55  Supply Depot  
  20  1:59  Marine  
  22  2:06  SCV  
  23  2:09  Factory  
  23  2:18  SCV  
  23  2:22  Barracks Reactor, Refinery  
  24  2:30  SCV  
  25  2:42  SCV  
  26  2:53  Cyclone  
  26  2:54  SCV  
  29  2:58  Marine x2  
  29  3:00  Orbital Command  
  29  3:03  Starport  
  31  3:07  SCV  
  32  3:16  Marine x2  
  32  3:19  SCV  
  35  3:25  Cyclone, SCV  
  38  3:31  Supply Depot, SCV  
  39  3:37  SCV  
  39  3:40  Starport Tech Lab, Marine x2  
  42  3:43  SCV  
  43  3:49  SCV  
  43  3:55  SCV  
  45  3:57  Factory Tech Lab, Supply Depot  
  45  3:59  Raven  
  47  4:03  Command Center  
  47  4:06  SCV  
  47  4:07  SCV  
  49  4:14  Bunker  
  49  4:15  Siege Tank  
  51  4:17  Marine  
  51  4:18  Marine  
  51  4:23  SCV x2  
  55  4:31  Refinery  
  55  4:34  Supply Depot  
  55  4:35  SCV x2  
  54  4:46  Raven  
  54  4:47  SCV x2  
  58  4:53  Supply Depot  
  58  4:59  SCV x2  
  60  5:02  Factory Reactor  
  60  5:03  Marine  
  60  5:06  Barracks, Stimpack  
  61  5:09  Barracks  
  61  5:10  Interference Matrix  
  61  5:11  SCV x2  
  63  5:15  Orbital Command  
  63  5:23  SCV x2  
  65  5:29  Raven  
  65  5:31  Engineering Bay  
  65  5:32  Engineering Bay  
  65  5:34  Refinery  
  68  5:35  SCV x2  
  68  5:38  Marine  
  70  5:46  SCV  
  70  5:47  SCV  
  70  5:49  Factory Reactor  
  72  6:03  Terran Infantry Weapons Level 1, Terran Infantry Armor Level 1, Marine x4  
  76  6:06  Supply Depot  
  76  6:07  Barracks, SCV x2  
  76  6:09  Barracks  
  78  6:16  Missile Turret, Marine  
  79  6:18  SCV  
  79  6:19  SCV  
  79  6:20  Supply Depot  
  79  6:24  Marine x2  
  79  6:25  Marine x2  
  85  6:32  Medivac  
  87  6:33  Medivac  
  87  6:34  Marine  
  87  6:38  Supply Depot  
  90  6:42  Marine x2  
  90  6:44  Supply Depot  
  90  6:46  Combat Shield, Missile Turret  
  92  6:47  SCV x3  
  92  6:49  Missile Turret  
  92  6:53  Missile Turret, Supply Depot  
  95  6:55  Siege Tank  
  95  6:57  Barracks Reactor  
  95  6:58  Barracks Reactor  
  98  7:05  Marine  
  98  7:06  Marine x4  
  102  7:10  Medivac x2  
  106  7:18  Armory  
  106  7:23  Marine x2  
  106  7:24  Marine x2  
  106  7:29  Siege Tank  
  112  7:33  Marine x3  
  112  7:35  Marine x2  
  117  7:39  Supply Depot x2  
  117  7:41  Marine x2  
  119  7:45  Medivac  
  119  7:48  Marine x2, Medivac  
  119  7:51  Marine x2  
  125  7:54  Missile Turret  
  127  8:01  Siege Tank  
  130  8:06  Marine x6  
  130  8:07  Marine  
  130  8:09  Marine x2, Supply Depot x2  
  138  8:23  Orbital Command  
  138  8:24  Marine x6  
  144  8:28  Terran Infantry Weapons Level 2  
  144  8:31  SCV x2  
  146  8:35  Marine  
  146  8:36  Marine x2  
  146  8:37  Siege Tank  
  152  8:41  Marine  
  152  8:42  Marine x2  
  152  8:47  Terran Infantry Armor Level 2  
  155  8:58  Supply Depot x2  
  155  9:00  Sensor Tower  
  155  9:03  Viking  
  155  9:04  Marine x4  
  155  9:08  Terran Vehicle Weapons Level 1, SCV x2  
  155  9:09  SCV  
  164  9:19  Viking  
  164  9:23  Missile Turret  
  164  9:34  Orbital Command, Marine x4  
  164  9:35  Marine x4  
  167  9:38  SCV x2  
  167  9:40  Marine  
  169  9:52  Marine x4  
  164  9:53  Marine x4  
  164  9:57  Marine  
  164  9:58  Siege Tank  
  167  10:05  Medivac x2  
  171  10:09  Marine x4, SCV x3  
  178  10:20  Supply Depot x2  
  178  10:21  Factory  
  178  10:35  Siege Tank  
  181  10:38  Refinery  
  181  10:39  Refinery  
  181  10:45  Command Center  
  181  10:46  Terran Infantry Weapons Level 3  
  181  10:52  Viking x2  
  181  10:53  Barracks Reactor  
  181  10:56  SCV  
  186  10:57  Missile Turret  
  186  10:58  SCV x2  
  188  11:05  Siege Tank  
  188  11:08  SCV  
  191  11:27  Marine x4  
  172  11:34  Marine x2  
  172  11:35  Marine x4  
  172  11:37  Siege Tank x2  
  139  11:45  Marine x3, Medivac x2  
  146  11:50  SCV x3  
  149  11:57  Marine x2  
  149  11:58  Marine x5  
  152  12:03  Marine  
  152  12:05  Marine x2  
  152  12:06  Terran Infantry Armor Level 3  
  152  12:07  Terran Vehicle Weapons Level 2  
  155  12:15  Marine x5  
  155  12:17  Viking  
  155  12:18  Viking  
  155  12:19  SCV x2  
  155  12:20  SCV  
  167  12:24  Marine  
  167  12:25  Marine x2  
  170  12:34  Hellion, Marine x3  
  175  12:37  Siege Tank  
  175  12:38  Marine x2  
  179  12:45  Sensor Tower  
  179  12:50  SCV x3  
  182  12:51  Planetary Fortress  
  182  12:55  Siege Tank  
  182  12:57  Viking  
  186  13:04  Missile Turret  
  184  13:07  Missile Turret  
  184  13:09  Missile Turret  
  184  13:11  SCV x2  
  185  13:19  Barracks  
  183  13:20  Barracks  
  183  13:22  Barracks  
  179  13:27  Siege Tank  
  179  13:28  Missile Turret  
  179  13:29  Marine x8  
  179  13:31  Marine  
  191  13:39  Missile Turret  
  191  13:41  Command Center  
  191  13:48  Siege Tank  
  187  13:52  Marine  
  188  13:59  Siege Tank  
  188  14:00  Command Center  
  191  14:07  Missile Turret  
  191  14:09  Barracks Reactor x2  
  191  14:11  Missile Turret x2  
  191  14:20  Siege Tank  
  191  14:22  Marine x2  
  192  14:25  Marine x4  
  192  14:26  Marine  
  192  14:27  Marine x2  
  192  14:29  Marine x2  
  140  14:32  Siege Tank  
  135  14:40  Marine x2  
  135  14:43  Marine x4  
  135  14:44  Marine  
  135  14:45  Marine x3  
  111  14:47  Marine x2  
  111  14:49  Marine x3  
  111  14:52  Siege Tank  
  101  14:58  Marine x2  
  92  15:01  Marine x5  
  92  15:03  Marine x3  
  92  15:05  Marine  
  82  15:09  Medivac  
  82  15:11  Marine  
  76  15:18  Marine x2  
  76  15:19  Marine  
  79  15:21  Orbital Command  
  79  15:22  Marine  
  79  15:25  Marine  
  81  15:30  Marine x2  
  83  15:39  Siege Tank  
  82  15:50  Siege Tank  
  82  15:52  Marine  
  82  15:53  Orbital Command  
  85  16:10  Marine  
Show
View Real Time Build Order
Export as new Build Order

Vindicta Terran - Winner!

Build Orders: Hellion Opening, Reaper Expand 

Get SALT Encoding   

  12  0:00  SCV  
  13  0:12  SCV  
  14  0:17  Supply Depot  
  14  0:24  SCV  
  15  0:39  Barracks, SCV  
  16  0:43  Refinery  
  16  0:51  SCV  
  17  1:03  SCV  
  18  1:15  SCV  
  19  1:26  Reaper  
  19  1:27  Orbital Command  
  20  1:43  Command Center  
  20  1:54  SCV  
  20  1:55  Supply Depot  
  20  1:58  Marine  
  22  2:06  SCV  
  23  2:10  Factory  
  23  2:18  SCV  
  23  2:21  Barracks Reactor  
  24  2:25  Refinery  
  24  2:30  SCV  
  25  2:42  SCV  
  26  2:54  Orbital Command, SCV  
  26  2:57  Starport  
  27  3:02  Hellion x2  
  31  3:06  Barracks Tech Lab  
  31  3:07  Supply Depot  
  31  3:23  Hellion x2  
  31  3:25  Marauder, Concussive Shells  
  37  3:33  Medivac  
  39  3:34  SCV  
  39  3:35  SCV  
  41  3:45  Hellion x2  
  41  3:46  Marauder  
  47  3:49  SCV  
  47  3:52  SCV, Supply Depot  
  49  4:01  SCV  
  50  4:03  Starport Tech Lab  
  50  4:04  SCV  
  51  4:14  SCV  
  51  4:16  SCV  
  53  4:19  Marine x2  
  53  4:20  Siege Tank  
  58  4:26  SCV  
  58  4:28  Barracks  
  58  4:29  Barracks  
  59  4:32  Raven, Supply Depot  
  59  4:36  SCV  
  59  4:37  Refinery  
  62  4:40  Marine  
  62  4:44  Marine  
  56  4:48  SCV x2  
  58  4:54  Siege Tank  
  62  5:00  SCV x2, Supply Depot  
  65  5:12  SCV  
  65  5:14  SCV  
  65  5:15  Starport Reactor, Stimpack  
  65  5:20  Barracks Reactor  
  65  5:21  Barracks  
  65  5:23  Barracks, Marine, Supply Depot  
  65  5:24  SCV, Refinery  
  65  5:26  SCV  
  68  5:30  Marine x2  
  68  5:35  Siege Tank  
  73  5:36  SCV  
  73  5:38  SCV  
  73  5:41  Marine  
  76  5:48  Marine x2  
  76  5:49  Supply Depot  
  78  5:51  Medivac  
  79  5:57  Command Center, Marine  
  79  5:58  Marine  
  79  6:00  Medivac  
  83  6:05  Marine, Engineering Bay  
  83  6:06  Marine, Engineering Bay  
  83  6:09  Barracks Reactor  
  83  6:11  Barracks Reactor, Marine  
  85  6:15  Marine  
  85  6:16  Marine  
  88  6:23  Marine  
  88  6:24  Marine  
  90  6:27  Siege Tank  
  90  6:29  Command Center  
  90  6:30  Marine  
  94  6:38  Supply Depot, Marine x2  
  96  6:41  Terran Infantry Weapons Level 1, Terran Infantry Armor Level 1  
  96  6:44  Marine  
  98  6:47  Marine x4  
  101  6:54  Combat Shield, Supply Depot  
  101  6:58  Marine  
  101  7:00  Marine x2  
  105  7:04  Marine  
  105  7:06  Medivac  
  108  7:08  Marine x2  
  108  7:10  Marine  
  108  7:13  Supply Depot  
  110  7:16  Marine x2  
  110  7:19  SCV  
  110  7:20  Supply Depot, SCV  
  113  7:22  Marine  
  113  7:24  Marine  
  113  7:28  Medivac  
  118  7:34  SCV  
  118  7:35  Siege Tank  
  122  7:39  Marine  
  122  7:40  Marine x2  
  122  7:43  SCV  
  125  7:44  Marine x2  
  125  7:48  Armory  
  125  7:49  Marine  
  125  7:50  Marine  
  128  7:59  SCV  
  128  8:01  SCV  
  128  8:04  Marine  
  130  8:09  Orbital Command  
  130  8:12  Medivac  
  129  8:13  Missile Turret  
  129  8:14  Medivac  
  129  8:16  SCV  
  129  8:17  SCV  
  129  8:18  Marine  
  129  8:19  Marine  
  129  8:20  Missile Turret  
  129  8:22  Marine  
  131  8:29  SCV x2  
  131  8:31  Marine x2  
  138  8:36  Terran Infantry Weapons Level 2  
  138  8:41  Terran Infantry Armor Level 2  
  133  8:42  Marine  
  133  8:45  Marine x2  
  133  8:46  Marine  
  131  8:49  SCV  
  131  8:52  Marine  
  131  8:53  SCV  
  129  8:56  Orbital Command  
  129  9:00  Siege Tank  
  129  9:01  Marine  
  129  9:02  Marine, SCV  
  135  9:05  SCV  
  136  9:11  Marine  
  136  9:12  Marine  
  136  9:14  SCV  
  139  9:24  Marine  
  139  9:26  SCV x2  
  139  9:29  Marine  
  139  9:31  SCV, Marine  
  144  9:39  Marine  
  144  9:42  Siege Tank  
  144  9:45  SCV x2  
  149  9:48  SCV  
  149  9:51  Marine, Supply Depot x2  
  149  9:53  Marine x2  
  149  9:56  Marine  
  149  9:58  Marine x3  
  132  10:00  Medivac  
  132  10:03  SCV x2  
  132  10:06  Marine  
  138  10:08  Medivac  
  138  10:10  Marine  
  138  10:13  Marine x3  
  143  10:14  SCV  
  143  10:17  Marine x2  
  143  10:20  Marine x2  
  148  10:25  Marine  
  147  10:29  Marine  
  147  10:31  Marine x3  
  147  10:34  Medivac  
  147  10:35  Marine x2  
  155  10:38  Marine x2  
  155  10:39  Siege Tank  
  158  10:43  Marine  
  158  10:47  Marine  
  158  10:49  Marine  
  163  10:52  Marine  
  163  10:56  Terran Infantry Weapons Level 3  
  165  11:00  Terran Infantry Armor Level 3  
  165  11:02  Supply Depot  
  162  11:05  Marine, Refinery  
  162  11:06  Supply Depot  
  164  11:13  Viking  
  165  11:19  Orbital Command  
  165  11:20  Marine  
  165  11:22  Marine  
  165  11:23  Viking, Marine x2  
  166  11:28  Marine  
  166  11:29  Marine  
  166  11:31  Marine  
  166  11:32  Marine  
  153  11:33  Marine  
  153  11:38  Marine  
  123  11:40  Marine  
  123  11:41  Siege Tank, Marine x2  
  123  11:46  Marine  
  130  11:47  Marine  
  130  11:49  Marine  
  132  11:55  Marine  
  132  11:57  Marine  
  132  11:59  Marine x3  
  138  12:04  Marine  
  138  12:05  Liberator  
  138  12:06  Liberator  
  144  12:09  SCV  
  144  12:10  Marine  
  144  12:11  Marine  
  148  12:16  Marine  
  148  12:18  Siege Tank, Marine  
  148  12:19  Marine  
  148  12:20  Marine  
  154  12:23  SCV  
  154  12:25  Marine  
  156  12:31  Marine x3  
  156  12:36  Marine  
  156  12:37  Marine x2  
  159  12:38  Marine  
  159  12:44  Marine  
  161  12:45  Marine  
  161  12:47  Supply Depot  
  161  12:48  Marine x2, Medivac  
  161  12:49  Medivac  
  168  12:55  Marine  
  169  13:02  Marine x2  
  169  13:03  Marine x4  
  175  13:06  Marine x2  
  175  13:08  SCV x2  
  179  13:13  Marine  
  180  13:20  SCV x2, Marine x2  
  180  13:21  Marine x3  
  180  13:24  Marine  
  188  13:30  Orbital Command  
  188  13:32  SCV x2  
  186  13:37  Sensor Tower  
  186  13:41  Barracks  
  187  13:42  Supply Depot  
  184  13:49  Marine x2  
  184  13:51  Barracks, Sensor Tower  
  185  13:59  Marine  
  185  14:02  SCV  
  187  14:03  Supply Depot  
  187  14:07  Marine  
  187  14:09  Marine x3  
  190  14:12  Terran Vehicle Weapons Level 1, Marine  
  190  14:15  Siege Tank  
  195  14:20  Marine  
  195  14:21  Marine x3  
  186  14:25  Marine  
  186  14:27  Marine x3  
  186  14:28  Marine  
  186  14:30  Marine  
  155  14:38  Marine x3  
  155  14:39  Marine  
  155  14:40  Marine  
  155  14:42  Marine  
  155  14:44  Marine  
  144  14:48  Siege Tank, Marine x4  
  144  14:52  SCV  
  142  14:56  Marine x4  
  142  14:58  Marine  
  141  15:00  Marine  
  141  15:02  Marine  
  141  15:06  Marine x4  
  143  15:08  SCV  
  143  15:09  SCV x2  
  143  15:14  Liberator, Marine x3  
  137  15:16  Marine  
  137  15:18  Marine  
  137  15:20  Siege Tank  
  147  15:22  Marine  
  147  15:24  Marine x2  
  147  15:25  Liberator, Marine x2  
  147  15:27  SCV  
  155  15:30  Marine  
  155  15:32  Marine  
  155  15:33  Marine  
  153  15:36  Marine  
  153  15:37  Marine  
  153  15:38  Marine  
  153  15:39  Marine  
  153  15:41  Marine x2  
  154  15:43  Marine  
  154  15:49  Marine  
  157  15:50  Marine  
  157  15:54  Siege Tank, Marine  
  157  15:55  Marine  
  163  15:57  Barracks Reactor x2  
  163  16:00  SCV  
  163  16:03  Marine x3  
  166  16:06  Command Center  
  166  16:11  Marine  
  167  16:12  Marine x2  
  176  16:31  Command Center  
Tags
 
Add a new tag
Caveats
  • Supply blocks, unpowered buildings, or Contaminate may cause inaccurate times.
  • Supply counts are checked every 10 seconds.